 Dungeon Crawl Stone Soup version 0.30-a0-123-g91d0c66ccf (webtiles) character file.

Game seed: 17942142593852087097

7 Klosterheim the Ruffian (level 2, 22/25 HPs)
             Began as a Ghoul Gladiator on Sept 17, 2022.
             Safely got out of the dungeon.
             The game lasted 00:02:30 (232 turns).

Klosterheim the Ruffian (Ghoul Gladiator)            Turns: 232, Time: 00:02:31

Health: 22/25      AC:  4    Str: 17    XL:     2   Next: 4%
Magic:  1/1        EV: 12    Int:  3    God:
Gold:   31         SH:  0    Dex: 10    Spells: 1/1 levels left

rFire   . . .      SeeInvis .      - Unarmed
rCold   + . .      Faith    .    (no shield)
rNeg    + + +      Spirit   .    a - +0 leather armour
rPois   ∞          Reflect  .    b - +0 helmet
rElec   .          Harm     .    (no cloak)
rCorr   .          Rampage  .    (no gloves)
Will    .....                    (no boots)
Stlth   +.........               (no amulet)
HPRegen 0.08/turn                (no ring)
MPRegen 0.07/turn                (no ring)

@: no status effects
A: claws 1, cold resistance 1, negative energy resistance 3, inhibited
regeneration, torment resistance 2, devour on kill
a: no special abilities


You escaped.
You visited 1 branch of the dungeon, and saw 1 of its levels.

You collected 31 gold pieces.

Inventory:

Missiles
 c - 3 throwing nets (quivered)
 d - a javelin
Armour
 a - a +0 leather armour (worn)
 b - a +0 helmet (worn)
Scrolls
 f - 2 scrolls of torment {unknown}
Potions
 e - a potion of flight {unknown}


   Skills:
 + Level 2.4 Fighting
 + Level 2.0 Throwing
 + Level 2.8 Dodging
 + Level 3.4 Unarmed Combat


You had one spell level left.
You didn't know any spells.
Your spell library was empty.

Dungeon Overview and Level Annotations

Branches:
Dungeon (1/15)

Altars:


Innate Abilities, Weirdness & Mutations

You are immune to poison.
You have sharp fingernails.
Your flesh is cold resistant. (rC+)
You are immune to negative energy. (rN+++)
You do not regenerate when monsters are visible.
You are immune to unholy pain and torment.
You thrive by killing the living.


Message History

Found 16 gold pieces.
The bat hits you but does no damage.
You scratch the bat.
You kill the bat!
You see here a bat corpse.
You now have 31 gold pieces (gained 16).
A kobold comes into view. It is wielding a +0 club.
The kobold shouts!
A bat comes into view.
The bat closely misses you.
You scratch the bat.
You kill the bat!
You scratch the kobold.
You kill the kobold!
Things that are here:
a +0 club; a kobold corpse
There is a staircase leading out of the dungeon here.
A goblin comes into view. It is wielding a +0 club.
Found a stone staircase leading down.
You barely miss the goblin. The goblin closely misses you.
You scratch the goblin but do no damage.
The goblin closely misses you.
You closely miss the goblin. The goblin hits you but does no damage.
You barely miss the goblin. The goblin barely misses you.
You scratch the goblin.
The goblin is severely wounded.
You closely miss the goblin.
The goblin is severely wounded.
The goblin barely misses you.
You completely miss the goblin.
The goblin is severely wounded.
The goblin hits you with a +0 club.
You scratch the goblin.
You kill the goblin!
You feel better.
Your Throwing skill increases to level 2!
You have reached level 2!
There is a staircase leading out of the dungeon here.
Are you sure you want to leave the Dungeon?
This will make you lose the game!
You have escaped!

.........................#
#........................#
.#.......................#
#.........####..........#
#...#.......##....##........# #
#...#......#........#.......#
..#...#........##......#......#
....>.#..........#.....#......#
.....#.#........@......#......#
.......#..............#...^...#
......).#.............#.......#
.........#...........#........#
..##......##.....(.##.........#
##.......#######...........#
#.......... ............#
############ ##############


There were no monsters in sight!

Vanquished Creatures
  An endoplasm (D:1)
  A goblin (D:1)
  2 hobgoblins (D:1)
  2 bats (D:1)
  A kobold (D:1)
7 creatures vanquished.

Notes
Turn   | Place    | Note
-------+----------+-------------------------------------------
     0 | D:1      | Klosterheim the Ghoul Gladiator began the quest for the
                  | Orb.
     0 | D:1      | Reached XP level 1. HP: 17/17 MP: 0/0
   222 | D:1      | Reached XP level 2. HP: 22/25 MP: 1/1
   232 | D:$      | Safely got out of the dungeon.

Illustrated notes

Levels and vault maps discovered:
D:1:      dpeg_arrival_solitude, layout_rooms

Skill      XL: |  1 |
---------------+----+-----
Throwing       | 2 |  2.0
Fighting       | |  2.4
Dodging        | |  2.8
Unarmed Combat | |  3.4

Action                   || total
-------------------------++-------
Melee: Unarmed           ||    18
Armor: Leather armour    ||     3
Dodge: Dodged            ||     8

Table legend: (Time is in decaauts)
 A = Elapsed time spent in this place.
 B = Non-inter-level travel time spent in this place.
 C = Inter-level travel time spent in this place.
 D = Time resting spent in this place.
 E = Time spent auto-exploring this place.
 F = Levels seen in this place.
 G = Mean time per level.
                   A        B        C        D        E       F      G
               +--------+--------+--------+--------+--------+-----+--------+
         Total |    230 |     65 |    165 |      0 |     20 |   1 |  230.0 |
       Dungeon |    230 |     65 |    165 |      0 |     20 |   1 |  230.0 |
               +--------+--------+--------+--------+--------+-----+--------+

Top non-repeatable levels by time:
     D:1: 230 daAuts
